Cogmind - Beta 10.1 @@@ ROGUE MODE // 2020.10.23 @ 22:34:23 Player: W_W Result: Destroyed by G-34 Mercenary with Small Laser Performance ------------- Evolutions (0) 0 Regions Visited (2) 400 Robots Destroyed (61) 305 Value Destroyed (975) 975 Prototype IDs (3) 60 Alien Tech Used (0) 0 Bonus (0) 0 TOTAL SCORE: 1740 Bonus ------- None Cogmind --------- Core Integrity 0/250 Matter 238/300 Energy 100/100 System Corruption 0% Temperature Cool (6) Movement Core (1200) Ox23 Location -10/Mines Parts ------- > --- POWER (1) -------- (None) > --- PROPULSION (2) --- (None) > --- UTILITY (2) ------ High-capacity Storage Unit High-capacity Storage Unit > --- WEAPON (2) ------- Improved Assault Rifle Grenade Launcher > --- INVENTORY (20) --- Light Ion Engine Light Nuclear Core High-capacity Storage Unit High-capacity Storage Unit High-capacity Storage Unit Medium Matter Pod (100) Experimental Sensor Array Signal Interpreter ECM Suite Hardened Light Armor Plating Hardened Light Armor Plating Hardened Light Armor Plating Hardened Light Armor Plating Hacking Suite Particle Cannon Particle Cannon Datajack Mining Laser Peak State ------------ > --- POWER ------------ Ion Engine > --- PROPULSION ------- Light Treads Light Treads > --- UTILITY ---------- High-capacity Storage Unit High-capacity Storage Unit > --- WEAPON ----------- Improved Assault Rifle Improved Assault Rifle > --- INVENTORY -------- Light Ion Engine Light Ion Engine Light Ion Engine High-capacity Storage Unit High-capacity Storage Unit High-capacity Storage Unit Small Matter Pod Sensor Array Hardened Light Armor Plating Hardened Light Armor Plating Hardened Light Armor Plating Hardened Light Armor Plating Particle Cannon Particle Cannon Particle Cannon Particle Cannon Light Assault Rifle Improved Assault Rifle Mining Laser Mining Laser [Rating: 14] Favorites ----------- Power Light Ion Engine Engine Light Ion Engine Propulsion Light Treads Treads Light Treads Utility High-capacity Storage Unit Storage High-capacity Storage Unit Weapon Improved Assault Rifle Energy Cannon Particle Cannon Ballistic Gun Improved Assault Rifle Launcher Grenade Launcher Build | -11 -10 -10 ------- Run | Scr Mat Min Slots Evolved . | . . . Power . | . . . Propulsion . | . . . Utility . | . . . Weapon . | . . . Parts Attached 25 | 6 14 5 Power 4 | 1 2 1 Engine 4 | 1 2 1 Core . | . . . Reactor . | . . . Propulsion 5 | 2 2 1 Treads 5 | 2 2 1 Leg . | . . . Wheel . | . . . Hover . | . . . Flight . | . . . Utility 3 | 1 2 . Device . | . . . Storage 3 | 1 2 . Processor . | . . . Hackware . | . . . Protection . | . . . Artifact . | . . . Weapon 13 | 2 8 3 Energy Gun . | . . . Energy Cannon 1 | . . 1 Ballistic Gun 10 | 2 7 1 Ballistic Cannon . | . . . Launcher 2 | . 1 1 Special Weapon . | . . . Impact Weapon . | . . . Slashing Weapon . | . . . Piercing Weapon . | . . . Special Melee Weapon . | . . . Unidentified Prototypes 1 | . 1 . Parts Lost 5 | . . 5 Power 1 | . . 1 Propulsion 1 | . . 1 Utility . | . . . Weapon 3 | . . 3 Highest Loss Streak 3 | . . 3 Average Slot Usage (%) 95 | . 99 89 Engine 13 | . 13 13 Treads 24 | . 27 19 Storage 27 | . 27 28 Energy Cannon 2 | . . 7 Ballistic Gun 24 | . 27 19 Naked Turns . | . . . Heaviest Build 75 | 11 75 74 Greatest Support 40 | 40 40 40 Greatest Overweight (x) 24 | 3 3 24 Average Overweight (x) 1 | . . 2 Largest Inventory Capacity 20 | 6 20 20 Average Capacity 17 | 5 19 20 Most Carried 20 | 5 20 20 Average Carried 16 | 2 16 19 Final Capacity 20 | 6 20 20 Final Carried 20 | 5 20 18 Class Distribution -------------------- 83% | Hauler-Mutant 16% | Mutant Dominant Class ---------------- Hauler-Mutant | -10/Materials Hauler-Mutant | -10/Mines Resources | -11 -10 -10 ----------- Run | Scr Mat Min Matter Collected 982 | 373 280 329 Remotely . | . . . Salvage Created 1616 | 344 638 634 Parts 137 | 39 56 42 Haulers Intercepted 1 | . 1 . Recyclers Shooed 3 | . 3 . Parts Field Recycled . | . . . Retrieved Matter . | . . . Parts Self-Destructed . | . . . Prevented . | . . . Kills | -11 -10 -10 ------- Run | Scr Mat Min Combat Hostiles Destroyed 27 | . 12 15 Guns 24 | . 12 12 Cannons 2 | . . 2 AOE 1 | . . 1 Classes Destroyed 9 | 3 6 . Worker 10 | 4 4 2 Builder 4 | . 3 1 Tunneler 11 | 9 . 2 Hauler 1 | . 1 . Recycler 4 | 1 3 . Operator 1 | . 1 . Watcher 3 | . 3 . Swarmer 12 | . 9 3 Grunt 15 | . 3 12 Best Kill Streak 6 | 4 6 4 Combat Bots Only 4 | . 3 4 Max Kills in Single Turn 2 | 1 2 2 Gunslinging 1 | . 1 . Exploded 1 | . . 1 Melee . | . . . Uniques/NPCs Destroyed . | . . . Combat | -11 -10 -10 -------- Run | Scr Mat Min Damage Taken 1298 | . 438 860 Core 258 | . 74 184 Absorbed by Shields . | . . . Core Remaining (%) 100 | 100 . . Volleys Fired 183 | 47 78 58 Largest 2 | 2 2 2 Hottest 91 | 40 46 91 Shots Fired 345 | 94 155 96 Gun 325 | 94 154 77 Cannon 16 | . . 16 Launcher 4 | . 1 3 Special . | . . . Kinetic 325 | 94 154 77 Thermal 16 | . . 16 Explosive 4 | . 1 3 Electromagnetic . | . . . Robot Hit Streak 14 | 12 10 14 Robot Miss Streak 5 | 2 5 2 Penetration Max . | . . . Secondary Targets 2 | . 2 . Max Gunslinging Chain 1 | . 1 . Shots Hit Robots 221 | 61 89 71 Core Hits 111 | 28 49 34 Critical Hits 1 | . . 1 Critical Kills 1 | . . 1 Critical Parts Destroyed . | . . . Melee Attacks . | . . . Impact . | . . . Slashing . | . . . Piercing . | . . . Sneak Attacks . | . . . Combat Hostiles . | . . . Follow-up Attacks . | . . . Damage Inflicted 3235 | 499 1393 1343 Guns 2186 | 499 821 866 Cannons 181 | . . 181 Explosions 848 | . 572 276 Melee . | . . . Ramming 20 | . . 20 Kinetic 2186 | 499 821 866 Thermal 753 | . 572 181 Explosive 276 | . . 276 Electromagnetic . | . . . Impact . | . . . Slashing . | . . . Piercing . | . . . Highest Corruption . | . . . Average Corruption . | . . . Corruption Purged . | . . . Overload Shots . | . . . Overflow Damage 228 | . 227 1 Projectiles 1 | . . 1 Explosions 227 | . 227 . Melee . | . . . Knockbacks . | . . . Impact . | . . . Kinetic . | . . . Secondary . | . . . Self-Inflicted Damage . | . . . Shots . | . . . Rammed 2 | . . 2 Targets Rammed 2 | . . 2 Kicked . | . . . Crushed . | . . . Highest Temperature 216 | . 30 216 Average Temperature 79 | . 16 88 Received Heat Transfer 495 | . 75 420 Effects 2 | . . 2 Interference 2 | . . 2 Siege Activations . | . . . Robots Corrupted . | . . . Combat Hostiles . | . . . Parts Fried . | . . . Impact Corruptions . | . . . Robots Melted . | . . . Combat Hostiles . | . . . Parts Melted . | . . . Heat Transferred 683 | . 350 333 Parts Sabotaged . | . . . Parts Stolen . | . . . Parts Stripped . | . . . Power Chain Reactions . | . . . Missiles Intercepted . | . . . Alert | -11 -10 -10 ------- Run | Scr Mat Min Peak Influence 319 | 70 319 150 Initial 27 | . . 27 Average 106 | 39 143 78 Maximum Alert Level 1 | . 1 . Low Security (%) 87 | 100 76 100 Level 1 12 | . 23 . Level 2 . | . . . Level 3 . | . . . Level 4 . | . . . Level 5 . | . . . High Security . | . . . Max Security . | . . . Squads Dispatched 1 | . 1 . Investigation . | . . . Extermination . | . . . Reinforcement 1 | . 1 . Assault . | . . . Garrison . | . . . Intercept . | . . . Construction Impeded . | . . . Haulers Reinforced . | . . . Stealth | -11 -10 -10 --------- Run | Scr Mat Min Distress Signals 1 | . 1 . Communications Jammed . | . . . Distress Signals . | . . . Times Spotted 35 | . 19 16 Peak Tracking Total 4 | . 4 3 Tactical Retreats 2 | . 2 . Traps | -11 -10 -10 ------- Run | Scr Mat Min Traps Triggered 4 | . 4 . Indirectly . | . . . Trap Hack Attempts . | . . . Triggered . | . . . Disarmed . | . . . Reprogrammed . | . . . Reused . | . . . Traps Extracted . | . . . Installed . | . . . Triggered . | . . . Machines | -11 -10 -10 ---------- Run | Scr Mat Min Machines Disabled 7 | . 6 1 Max in Single Turn 6 | . 6 1 Machines Sabotaged . | . . . Garrisons Compromised . | . . . Overloaded Fab Kills . | . . . Fab Network Shutdowns . | . . . Hacking | -11 -10 -10 --------- Run | Scr Mat Min Machines Accessed 8 | . 8 . Terminals 6 | . 6 . Fabricators . | . . . Repair Stations . | . . . Recycling Units 2 | . 2 . Scanalyzers . | . . . Garrison Access . | . . . Total Hacks 23 | . 23 . Successful 17 | . 17 . Failed 6 | . 6 . Catastrophic . | . . . Database Lockouts . | . . . Manual . | . . . Terminals 17 | . 17 . Fabricators . | . . . Repair Stations . | . . . Recycling Units 6 | . 6 . Scanalyzers . | . . . Garrison Access . | . . . Terminal Hacks 12 | . 12 . Prototype ID Bank 1 | . 1 . Branch Access Points 1 | . 1 . Emergency Access Points 2 | . 2 . Alert Level 3 | . 3 . Maintenance Status 1 | . 1 . Security Status 1 | . 1 . Surveillance Status 1 | . 1 . Reinforcement Status 2 | . 2 . Fabricator Hacks . | . . . Repair Station Hacks . | . . . Recycling Unit Hacks 5 | . 5 . Process 1 | . 1 . Report Inventory 2 | . 2 . Retrieve Matter 1 | . 1 . Retrieve Components 1 | . 1 . Scanalyzer . | . . . Garrison Access Hacks . | . . . Unauthorized Hacks . | . . . Terminals . | . . . Fabricators . | . . . Repair Stations . | . . . Recycling Units . | . . . Scanalyzers . | . . . Garrison Access . | . . . Data Cores Recovered . | . . . Used . | . . . Hacking Detections 7 | . 7 . Full Trace Events . | . . . Feedback Events . | . . . Feedback Blocked . | . . . Robot Schematics Acquired . | . . . Robots Built . | . . . Matter . | . . . Time . | . . . Total Robot Build Rating . | . . . Part Schematics Acquired . | . . . Parts Built . | . . . Matter . | . . . Time . | . . . Total Part Build Rating . | . . . Parts Repaired . | . . . Time . | . . . Parts Recycled . | . . . Recycled Matter 3 | . 3 . Retrieved Matter 3 | . 3 . Retrieved Components 10 | . 10 . Parts Scanalyzed . | . . . Part Schematics Acquired . | . . . Parts Damaged . | . . . Bothacking | -11 -10 -10 ------------ Run | Scr Mat Min Used RIF Installer . | . . . Robots Hacked . | . . . Non-combat . | . . . Combat . | . . . Robot Hacks Applied . | . . . Relay Couplers Released . | . . . Robots Rewired . | . . . Allies Hacked . | . . . Hacks Repelled . | . . . Allies | -11 -10 -10 -------- Run | Scr Mat Min Total Allies . | . . . Largest Group . | . . . Highest-Rated Group . | . . . Highest-Rated Ally . | . . . Total Orders . | . . . Ally Attacks . | . . . Total Damage . | . . . Kills . | . . . Allies Corrupted . | . . . Allies Melted . | . . . Intel | -11 -10 -10 ------- Run | Scr Mat Min Robot Analysis Total . | . . . Derelict Logs Recovered 2 | . . 2 Drone Launches . | . . . Drone Recoveries . | . . . Exploration | -11 -10 -10 ------------- Run | Scr Mat Min Turns Passed 3054 | 413 1565 1076 Spaces Moved 1261 | 137 701 423 Core 8 | 7 . 1 Treads 1253 | 130 701 422 Legs . | . . . Wheels . | . . . Hover . | . . . Flight . | . . . Fastest Speed 50 | 50 160 180 Average Speed 184 | 157 179 202 Slowest Speed 1250 | 200 220 1250 Overloaded Moves . | . . . Propulsion Burnouts . | . . . Robots Hopped . | . . . Cave-ins Triggered . | . . . Exploration Rate (%) 58 | 4 99 71 Regions Visited 2 Branch Regions 1 Pre-discovered Areas 1 | . . 1 Known Exits Taken 1 | . 1 . Unknown Exits Taken 1 | 1 . . Scrap Searched . | . . . Spaces Dug . | . . . Terrain Destroyed 47 | . 35 12 Melee . | . . . Projectile . | . . . AOE 47 | . 35 12 Terrain Rammed . | . . . Walls Destroyed . | . . . Machines Disabled . | . . . Actions | -11 -10 -10 --------- Run | Scr Mat Min Total 1684 | 256 883 545 Wait 150 | 62 39 49 Move 1259 | 136 700 423 Hop . | . . . Pick Up 39 | 5 31 3 Fast Attach 18 | 6 10 2 Attach 3 | . . 3 Detach . | . . . Swap 4 | . 4 . Drop 26 | . 21 5 Fire 183 | 47 78 58 Melee . | . . . Ram . | . . . Kick . | . . . Crush 2 | . . 2 Escape Stasis . | . . . Rewire . | . . . Trap . | . . . Miscellaneous . | . . . Route ------- -11/Scrapyard -10/Materials (discovered 4 exits: [*Mat x3] / *Min) -10/Mines (discovered 1 exit: [*Mat]) History --------- Turn | Location | Event 15 | -11/Scrapyard | Discovered new exit (range 16) 414 | -11/Scrapyard | Entered Materials 415 | -10/Materials | Build established: Mutant 582 | -10/Materials | Discovered new exit (range 15) 778 | -10/Materials | Discovered new exit (range 10) 806 | -10/Materials | Build established: Hauler-Mutant 1105 | -10/Materials | Discovered new exit (range 10) 1422 | -10/Materials | Discovered new exit (range 9) 1778 | -10/Materials | Identified exit to Mines 1979 | -10/Materials | Entered Mines 2143 | -10/Mines | Found a damaged Exp. Sensor Array with a note attached 2444 | -10/Mines | Found Prototype Device 2734 | -10/Mines | Discovered new exit (range 5) 2748 | -10/Mines | Learned location of Storage (-8) 2786 | -10/Mines | Core integrity fell below 50% 2988 | -10/Mines | Learned location of 1 exit from Materials 3003 | -10/Mines | Excavation squad dispatched 3003 | -10/Mines | A large section of the Mines collapsed 3037 | -10/Mines | Core integrity fell below 20% 3055 | -10/Mines | Destroyed by G-34 Mercenary with Small Laser Last Messages --------------- 02937_ Destroyed Sml. Laser. 02940_ G-34 Mercenary destroyed. 02943_ Acquired Lgt. Treads. 02957_ Acquired 31 matter. 02988_ Acquired derelict log, extracted data. Data stored: Materials exits (x1). 03003_ ALERT: Suspicious cave-in, suspected derelict activity in mines. Dispatching escorted excavation squad. 03021_ K-01 Serf collects debris. 03026_ Dropped Lgt. Treads. 03026_ K-01 Serf collects debris. 03026_ Particle Cannon destroyed. 03030_ K-01 Serf collects debris. 03034_ Imp. Assault Rifle destroyed. 03035_ Lgt. Ion Engine destroyed. 03037_ K-01 Serf collects debris. 03043_ G-34 Mercenary destroyed. 03045_ K-01 Serf collects debris. 03050_ Destroyed Lgt. Ion Engine. 03053_ K-01 Serf destroyed. Map ----- +----------------------------------------------------+ | ????????????????????????????????????????? | | ????????????????????????????????????????? | | ????????????????????????????????????????? | | ????????????????????????????????????????? | | ????????????????????????????????????????? | | ????????????????????????????????????????? | | ??????????####??????????????????????????? | | ?????????# #??????????????????????????? | | ????????? ??????????????????????????? | | ????????? ?????????????? #?????????? | | ????????? ?????????????? #?????????? | | ????????? ??????????????? #?????????? | | ??#??????# ?????????????? ##????????? | | ??# ?????# ????????????? ##???????? | | ??? ###?# #????????????? ##??####? | | ????? ## #????????????? #### | | ?????? #????????????? | | ??????? ##???????????? < | | ????????#### ##?????????## ### | | ?????????# ####???????# t #??# | | ?????????# # #?????## = %! #??# ## | | ?????????# ##??#### [=g%= ###?# ??? | | ?????????# ##??## #???# ???? | | ?????????# ##### = #???## ????? | | ?????????# = #????#?????? | | ?????????# @ #??????????? | | ?????????####### # #?????????????? | | ???????????????# #### ######????????? | | ???????????????## ##??# #????????? | | ????????????????####???# #### #????????? | | ?????????????????####### ##?# ########## | | ?????????????????# #?# | | ?????????????????# #?############ | | ?????????????????# """ """ #????????????? | | ?????????????????# """ """ #????????????? | | ?????????????????# """ """ #????????????? | | ?????????????????# #????????????? | | ?????????????????###########????????????? | | ????????????????????????????????????????? | | ????????????????????????????????????????? | | | | | | | | | | | | | | | | | | | | | +----------------------------------------------------+ Best States ------------- Heat Dissipation 25 Energy Generation 10 Energy Capacity 250 Matter Stores 300 Matter Capacity 300 Sight Range 16 Terrain Scan Density 10 Evasion (%) 40 Recoil Reduction 2 Item Schematics ----------------- None Robot Schematics ------------------ None Fabricated ------------ Nothing Alien Tech Used ----------------- None Achievements -------------- None Challenges ------------ None Game ------ Seed GreatElectronAccelerator Manual? 0 Play Time 00:18:22 Cumulative 40.7 hours Start 2020.10.23 @ 22:14:58 End 2020.10.23 @ 22:34:23 Sessions 1 Manual Loads 0 Difficulty Rogue Special Mode None Game No. 41 Rogue 41 Adventurer 0 Explorer 0 Win Type - Total 0 Types 0/0/0/0/0/0/0/0/0 Lore% 26 Gallery% 26 Achievement% 23 Wizard Run 0 Options --------- ASCII 0 Keyboard 0 Movement Mouse Keybinds 0 Fullscreen 1 Font 18/SmallcapsGlow Map View 76x50 Tactical HUD 1 Map Filters NONE Filters NONE Steam 1 RUN: c1bb1069-e7b4-4138-abae-b74249823e05